← All builds
Tech / Armada / Economy first / OBSERVED BUILD

Standard tech

Armada Tech (Eco) build order · Supreme Isthmus

Rushes T2 factory and Advanced Metal Extractor while supplying T2 and T1 constructors to teammates like Geo, then transitions into Citadel/Platypus/Umbrella defence as the game develops.

Usually first T2 con to Geo (84%)

#eco #t2 #team support · 833 distinct matches · 112 players · 59% of Armada Tech games · team won 53% of 958 · Recently observed

HOW TO PLAY IT

Key timing: T2 factory by 4:15

  1. Open mex and wind, start bot lab right away.
  2. Get bot lab up and begin feeding early cons.
  3. Start advanced bot lab to rush T2 factory.
  4. Finish T2 factory and push advanced metal extractor by 5:29.
  5. Build Citadel, Platypus and Umbrella as anti-nuke defence transition.

Phase by phase

TYPICAL OF ITS 833 GAMES
  1. 1
  2. 2
  3. 3
  4. 4
PLAY THE OPENING

Follow the example game's first 6:00 step by step: what to build now, what comes next, and where it goes. At 1× it keeps pace with your own game.

  1. 1

    Up to the Bot Lab

    Economy
    • Metal Extractor3Mex
    • Wind Turbine4Wind
    Order
    1. Bot LabBot Lab after 3 mex, 4 winddone ~1:18, middle half 1:13–1:32

    Some games also: energy storage (30%)

    By 1:01 in all: 3 mex · 4 wind

    The example game in this phase · 6 steps
    1. Mex ×3
    2. Wind
    3. Solar
    4. Wind ×2
    5. Solar
    6. Bot LabBot Labdone 1:27 · typical 1:18
  2. 2

    Bot Lab to Advanced Bot Lab

    Economy
    • Metal Extractor1Mex
    • Wind Turbine8Wind
    • Energy Storage1Energy storage
    Order
    1. Advanced Bot LabAdvanced Bot Lab after 4 mex, 12 wind, 3 con turretdone ~4:15, middle half 4:04–4:28
    Builders
    • Construction Turret3 Con turret
    • Lazarus3 Lazarus
    • Construction Bot2 Con bot
    • Construction Bot1 Con bot for allies

    Some games also: converter (36%)

    By 3:19 in all: 4 mex · 12 wind · 1 energy storage · 3 con turret

    The example game in this phase · 19 steps
    1. Construction BotCon bot
    2. Wind
    3. Construction BotCon botfor Air
    4. Wind ×3
    5. LazarusLazarus
    6. Con turret
    7. Wind
    8. Mex
    9. Energy storage
    10. Construction BotCon bot
    11. Converter
    12. LazarusLazarus
    13. Wind
    14. Con turret
    15. Wind ×2
    16. Converter
    17. Con turret
    18. Converter
    19. Advanced Bot LabAdvanced Bot Labdone 4:22 · typical 4:15
  3. 3

    Advanced Bot Lab to 5:00

    Economy
    • Wind Turbine2Wind
    Builders
    • Advanced Construction Bot1 T2 con bot for allies

    Some games also: converter (35%)

    By 5:00 in all: 4 mex · 15 wind · 2 converter · 1 energy storage · 3 con turret

    The example game in this phase · 6 steps
    1. Converter
    2. Wind ×3
    3. Advanced Construction BotT2 con botfor Geo
    4. Wind
    5. Advanced Metal ExtractorT2 mexdone 5:21 · typical 5:29
    6. Wind
  4. 4

    5:00 to 10:00

    Economy
    • Wind Turbine44Wind
    • Energy Converter6Converter
    Builders
    • Butler8 Butler
    • Advanced Construction Bot4 T2 con bot for allies
    • Advanced Construction Bot1 T2 con bot

    Some games also: con turret (48%) · Butler for allies (37%)

    By 10:00 in all: 4 mex · 59 wind · 8 converter · 1 energy storage · 3 con turret

    The example game in this phase · 243 steps
    1. Wind
    2. Advanced Construction BotT2 con botfor Air
    3. Wind
    4. Advanced Metal ExtractorT2 mex ×2
    5. Wind
    6. Advanced Construction BotT2 con botfor Geo sea
    7. Wind ×2
    8. ButlerButler
    9. Wind
    10. ButlerButler
    11. Wind
    12. Advanced Metal ExtractorT2 mex
    13. Advanced Construction BotT2 con botfor Beach sea
    14. Wind
    15. Advanced Construction BotT2 con botfor Pond
    16. Converter
    17. Wind
    18. ButlerButlerfor Geo sea
    19. Wind
    20. Converter
    21. ButlerButlerfor Beach sea
    22. Wind ×2
    23. ButlerButler
    24. Wind ×2
    25. ButlerButler
    26. Wind ×2
    27. ButlerButler
    28. Wind ×3
    29. Advanced Construction BotT2 con botfor Front
    30. Converter
    31. Wind ×4
    32. Windfor Geo sea
    33. Wind ×2
    34. Converter
    35. Wind
    36. Windfor Geo sea
    37. Wind ×2
    38. ButlerButler
    39. Windfor Geo sea
    40. Wind ×2
    41. ButlerButler
    42. Converter
    43. Windfor Geo sea
    44. Wind ×2
    45. ButlerButler
    46. Windfor Geo sea
    47. Converter
    48. Wind ×3
    49. Windfor Geo sea
    50. ButlerButler
    51. Wind ×3
    52. ButlerButler
    53. Windfor Geo sea
    54. Wind ×3
    55. Advanced Construction BotT2 con bot
    56. Windfor Geo sea
    57. Converter
    58. Wind ×3
    59. Windfor Geo sea
    60. Converter ×2
    61. Wind
    62. UmbrellaAnti-nukedone 10:29
    63. Windfor Geo sea
    64. Wind
    65. Converter
    66. Wind
    67. Converter
    68. Metal storage
    69. Wind
    70. Windfor Geo sea
    71. Wind
    72. Fusion ReactorFusiondone 12:02
    73. Windfor Geo sea
    74. Converter
    75. Wind
    76. Converter
    77. Wind
    78. Windfor Geo sea
    79. Wind
    80. Converter
    81. Wind
    82. Converter
    83. Windfor Geo sea
    84. Converter
    85. Wind ×2
    86. Converter
    87. Windfor Geo sea
    88. Converter
    89. Wind ×2
    90. Converter
    91. Windfor Geo sea
    92. Converter
    93. Wind ×2
    94. Windfor Geo sea
    95. Con turret
    96. Converter
    97. Wind ×2
    98. Converter
    99. Windfor Geo sea
    100. Converter
    101. Wind
    102. Converter
    103. Wind
    104. Windfor Geo sea
    105. Converter
    106. Wind ×2
    107. Windfor Geo sea
    108. Converter
    109. Wind ×2
    110. Windfor Geo sea
    111. Converter
    112. Wind ×2
    113. Windfor Geo sea
    114. Converter ×2
    115. Wind ×2
    116. Windfor Geo sea
    117. Wind
    118. Converter
    119. Con turret
    120. Wind
    121. Converter
    122. Windfor Geo sea
    123. Converter
    124. Wind ×3
    125. Converter
    126. Wind
    127. Con turret
    128. Wind
    129. Converter
    130. Wind ×2
    131. Con turret
    132. Wind ×2
    133. Converter
    134. Con turret
    135. Converter
    136. Wind ×3
    137. Con turret
    138. Wind ×2
    139. Converter ×2
    140. Wind
    141. Con turret
    142. Converter
    143. Con turret
    144. Wind ×3
    145. Con turret
    146. Converter
    147. Wind
    148. Converter
    149. Wind ×4
    150. Converter
    151. Wind
    152. Converter
    153. T2 converter
    154. Wind ×3
    155. Converter
    156. T2 converter
    157. Wind ×3
    158. Converter ×2
    159. Wind ×3
    160. Converter
    161. Fusion ReactorFusion
    162. Wind ×3
    163. Converter ×2
    164. Wind ×4
    165. Converter
    166. Wind ×2
    167. Converter
    168. Wind ×3
    169. Converter ×2
    170. Wind ×3
    171. Converter
    172. Wind ×3
    173. Converter ×2
    174. Wind ×3
    175. Converter
    176. Wind ×3
    177. T2 converter
    178. Converter
    179. Wind
    180. Converter
    181. Wind ×2
    182. Converter
    183. Wind ×3
    184. Converter ×2
    185. T2 converter
    186. Wind ×3
    187. Converter
    188. Wind ×2
    189. Converter
    190. Wind ×2
    191. Fusion ReactorFusion
    192. Wind
    193. Converter
    194. Wind ×3
    195. Converter
    196. Wind
    197. Converter
    198. Wind
    199. Converter
    200. Wind ×2
    201. Converter
    202. Wind ×2
    203. Converter
    204. Wind
    205. T2 converter
    206. Wind ×2
    207. Converter
    208. Wind ×2
    209. Converter
    210. Wind ×2
    211. Advanced Fusion ReactorAdvanced Fusion Reactornot finished by 15:00
    212. Wind
    213. Converter
    214. Con turret
    215. Wind
    216. Con turret
    217. Wind
    218. Converter
    219. Wind
    220. Converter
    221. Wind
    222. Con turret
    223. Converter
    224. Wind ×3
    225. Converter
    226. Wind ×2
    227. Converter
    228. Con turret
    229. Wind
    230. Con turret
    231. Wind
    232. Con turret
    233. Wind
    234. Converter
    235. Con turret
    236. Wind
    237. Converter
    238. Wind ×2
    239. Con turret
    240. Wind
    241. Con turret
    242. Converter
    243. Wind

Counts are medians over the build's games: half of them build more, half fewer. The example game is GeeGee's (37 OS, 03/10/2026); pick another.

Team trades

IN AT LEAST 30% OF ITS GAMES

You hand over

  • Construction Bot1 Con bot to Airfirst at 2:22 · in 87% of games
  • Advanced Construction Bot5 T2 con bot to Air or Geo sea or Pondfirst at 4:48 · in 99% of games
  • Sharpshooter2 Sniper bot to Pondfirst at 5:21 · in 32% of games
  • Butler2 Butler to Geo sea or Beach sea or Pondfirst at 9:04 · in 41% of games

You get

  • Hercules1 Light transport from Airfirst at 4:00 · in 85% of games

How it plays out

Typical game of this build, running totals by minute

Metal produced

020k40k
0:005:0010:0015:00

metal

Enemy metal destroyed

0200400
0:005:0010:0015:00

metal

Own metal lost

0100200300
0:005:0010:0015:00

metal

958 games.

Show as table
ByMetal produced: This buildEnemy metal destroyed: This buildOwn metal lost: This build
1:0038300
2:0091600
3:00164300
4:00315600
5:00486400
6:00580500
7:00723000
8:00907900
9:001124800
10:001357600
11:001642100
12:001998800
13:002374500
14:002753685106
15:0031617313235
WHAT THE NUMBERS SAY

This is the role's textbook T2 rush, posting the highest metal production of any build shown (31617 by 15:00) with almost no early losses.

  • + T2 factory done by 4:15 in 97% of games, extremely consistent.
  • + Own metal lost is only 228 by 15:00, near untouched economy.
  • − Team win rate is the lowest of all builds shown at 53%, fast eco alone doesn't decide games.
THE EXAMPLE YOU ARE READING

GeeGee

37.0 OS · 03/10/2026

Open source match ↗

1 received units
2060 metal received · 31740 energy received

Allied construction assistance is unknown. Timings are observations, not a promise of solo reproducibility.

Typical milestones

Bot Lab1:18Middle 50%: 1:13–1:32 · n=958
Advanced Bot Lab4:15Middle 50%: 4:04–4:28 · n=952
Advanced Metal Extractor5:29Middle 50%: 5:06–5:59 · n=956

Played most by

Amrissa101games of this buildKOT_45games of this buildSyphos40games of this buildAdeus39games of this buildTeaner34games of this build